[Event "*** Titled Tuesday Blitz"]
[Site "Chess.com"]
[Date "2021.02.16"]
[Round "7"]
[White "McCarthyStone"]
[Black "tylityli"]
[Result "1-0"]
[WhiteElo "2372"]
[BlackElo "2220"]
[TimeControl "180+1"]
[EndTime "11:18:36 PST"]
[Termination "McCarthyStone won on time"]

1. g3 d5 2. Bg2 Nc6 3. c4 d4 4. Nf3 e5 5. d3 Nf6 6. O-O Be7 7. Na3 O-O 8. Nc2 a5 9. a3 h6 10. Rb1 a4 11. Nb4 Bxb4 12. axb4 Re8 13. b5 Nb4 14.
Ra1 c5 15. Rxa4 Rxa4 16. Qxa4 e4 17. dxe4 Rxe4 18. Bd2 Rxe2 19. Bxb4 cxb4 20. Qxb4 d3 21. Rd1 Bf5 22. c5 Ne4 23. Qd4 Qe7 24. Nh4 g6 25. Nxf5 gxf5 26. Qxd3 Nxf2 27. Qd8+ Qxd8 28.
Rxd8+ Kg7 29. Bxb7 Rxb2 30. c6 Nh3+ 31. Kf1 Rxb5 32.
c7 Rc5 33. c8=Q Rxc8 34. Bxc8 1-0

[Event "*** Titled Tuesday Blitz"]
[Site "Chess.com"]
[Date "2021.02.16"]
[Round "7"]
[White "Matols"]
[Black "onetowin"]
[Result "0-1"]
[WhiteElo "2242"]
[BlackElo "2026"]
[TimeControl "180+1"]
[EndTime "11:18:37 PST"]
[Termination "onetowin won on time"]

1. d4 b6 2. c4 Bb7 3. Nc3 e6 4.
e3 f5 5. Nge2 Nf6 6. Nf4 Bd6 7.
Bd2 O-O 8. Nd3 a6 9. Be2 Qe8 10. Bf3 Ne4 11. Qc2 Qg6 12. O-O-O c5 13. d5 Nxc3 14.
Bxc3 exd5 15. cxd5 c4 16. Ne5 Bxe5 17. Bxe5 d6 18. Bc3 b5 19. h4 Nd7 20. h5 Qf7 21.
h6 g6 22. Kb1 Nc5 23. g4 fxg4 24. Bxg4 Bxd5 25. f3 Bxf3 26. Bxf3 Qxf3 27. Rdg1 Nd3 28. Qh2 Qf6 29. Qh5 Qe6 30. Qg5 Qe4 31. Ka1 Rf2 32. Rh4 Qf3 33. Rf4 Nxf4 0-1

[Event "*** Titled Tuesday Blitz"]
[Site "Chess.com"]
[Date "2021.02.16"]
[Round "7"]
[White "bogcsab"]
[Black "noblerone"]
[Result "0-1"]
[WhiteElo "2159"]
[BlackElo "2388"]
[TimeControl "180+1"]
[EndTime "11:18:39 PST"]
[Termination "noblerone won on time"]

1. d4 d5 2. Nf3 Nf6 3. g3 c6 4.
Bg2 Bg4 5. O-O Nbd7 6. b3 e6 7. Bb2 Be7 8. c4 O-O 9. Ne5 Bh5 10. Nd2 a5 11. f3 Nxe5 12. dxe5 Nd7 13. cxd5 cxd5 14. e4 Nc5 15. exd5 Qxd5 16. Nc4 Nd3 17. Bc3 Bc5+ 18. Kh1 Nf2+ 19. Rxf2 Bxf2 20. Qxd5 exd5 21. Nd6 d4 22. Bd2 b6 23. f4 Rab8 24. Be4 Be2 25. Kg2 Be3 26. Bxe3 dxe3 27. Re1 Ba6 28. Rxe3 Bc8 29.
h3 g6 30. g4 Be6 31. f5 Bd7 32. Kf3 Kg7 33. Kf4 Rfd8 34. Bd5 Be8 35. Bc4 b5 36. Bd5 Rb6 37. a3 h6 38. h4 b4 39. g5 hxg5+ 40.
hxg5 bxa3 41. f6+ Kg8 42. Rh3 a2 43. Be4 a1=Q 0-1

[Event "*** Titled Tuesday Blitz"]
[Site "Chess.com"]
[Date "2021.02.16"]
[Round "7"]
[White "TimofeevAr"]
[Black "DamianoLew95"]
[Result "1-0"]
[WhiteElo "2887"]
[BlackElo "2615"]
[TimeControl "180+1"]
[EndTime "11:18:40 PST"]
[Termination "TimofeevAr won by resignation"]

1. c4 e5 2. e3 Nf6 3. Nc3 d6 4. d3 g6 5. Nf3 Bg7 6. Be2 O-O 7. O-O Nbd7 8. Rb1 Re8 9. b4 Nf8 10. Bb2 Ne6 11. Qc2 Qe7 12. Nd5 Nxd5 13. cxd5 Nd8 14. b5 Bd7 15. Qb3 c5 16. bxc6 bxc6 17. Nd2 cxd5 18.
Qxd5 Rc8 19. Ba3 Rc2 20. Rfd1 Bf8 21. Qb3 Rc7 22. Ne4 Nb7 23. Bf3 Bc6 24. Qb2 Nc5 25. Bxc5 dxc5 26. Rbc1 f5 27. Nd2 Bxf3 28. Nxf3 h6 29.
Qb3+ Kh7 30. h3 Bg7 31. Qa4 Rd8 32. e4 f4 33. Qc4 g5 34. Nd2 Rd4 35. Qc2 Bf8 36.
Nb3 Rdd7 37. Qe2 Kg6 38. Qg4 Qf6 39. h4 h5 40. Qxg5+ Qxg5 41. hxg5 Kxg5 42. Na5 Kf6 43. Nc4 Rd4 44. Kf1 Rcd7 45. Ke2 Be7 46. Rc3 h4 47. Rh1 Kf7 48. Nxe5+ 1-0

[Event "*** Titled Tuesday Blitz"]
[Site "Chess.com"]
[Date "2021.02.16"]
[Round "7"]
[White "pavelalexandru07"]
[Black "louis198"]
[Result "1-0"]
[WhiteElo "2331"]
[BlackElo "2514"]
[TimeControl "180+1"]
[EndTime "11:18:40 PST"]
[Termination "pavelalexandru07 won by resignation"]

1. e4 e6 2. d4 d5 3. Nc3 dxe4 4. Nxe4 Bd7 5. Nf3 Bc6 6. Nc3 Nf6 7. Bd3 Be7 8. O-O O-O 9. Re1 Nbd7 10. Ne5 Nxe5 11.
dxe5 Qd5 12. Nxd5 Nxd5 13. Be4 Rad8 14. Bxd5 Rxd5 15. Qe2 Rfd8 16. Bf4 g5 17. Bg3 Rd2 18. Qc4 R8d4 19. Qf1 Rxc2 20. Rad1 Rb4 21. Re2 Rbxb2 22. Rxc2 Rxc2 23. Qd3 Rxa2 24. h4 h6 25. hxg5 hxg5 26. f3 g4 27. Bf2 gxf3 28. gxf3 Ra3 29. Qf1 Rxf3 30. Qg2+ Kf8 31. Qh2 Kg7 32. Rd4 Kg6 33.
Rg4+ Bg5 34. Qh4 Rf5 35. Be3 f6 36. exf6 1-0

[Event "*** Titled Tuesday Blitz"]
[Site "Chess.com"]
[Date "2021.02.16"]
[Round "7"]
[White "GadimbayliA"]
[Black "Jospem"]
[Result "0-1"]
[WhiteElo "2842"]
[BlackElo "3017"]
[TimeControl "180+1"]
[EndTime "11:18:41 PST"]
[Termination "Jospem won on time"]

1. e4 c5 2. Nf3 d6 3. d4 cxd4 4. Nxd4 a6 5. Bd3 e6 6. O-O Nf6 7. c4 b6 8. Nc3 Bb7 9. Be3 Nbd7 10.
Qe2 Be7 11. b4 O-O 12. f4 Rc8 13. Rac1 Re8 14. g4 g6 15. Nb3 Bf8 16. Rcd1 b5 17. e5 bxc4 18. Bxc4 d5 19. exf6 Rxc4 20. Bd4 Bxb4 21.
Na4 Bd6 22. Nb2 Rxd4 23. Nxd4 Nxf6 24. Nd3 Ne4 25. Qe3 Qh4 26. h3 a5 27. Rf3 Ba6 28. Ne5 Qe7 29. Nec6 Qc7 30. Rc1 Qb6 31. Kg2 Bc5 32. Qe1 Bxd4 33. Nxd4 Qxd4 34. Rc7 Qb2+ 35. Kh1 Qb6 36. Rc2 a4 37. Kg2 Bb7 38. Qh4 d4 39. f5 exf5 40. gxf5 Nd6 0-1

[Event "*** Titled Tuesday Blitz"]
[Site "Chess.com"]
[Date "2021.02.16"]
[Round "7"]
[White "Rodalquilar"]
[Black "Moultino06"]
[Result "0-1"]
[WhiteElo "2657"]
[BlackElo "2511"]
[TimeControl "180+1"]
[EndTime "11:18:42 PST"]
[Termination "Moultino06 won on time"]

1. d4 Nf6 2. Nf3 g6 3. Bf4 Bg7 4. e3 O-O 5. Be2 d6 6. O-O c5 7. c3 Qb6 8. Nbd2 Be6 9. dxc5 Qxc5 10. e4 Nc6 11. Ng5 Bd7 12. Nc4 Ne5 13. Nxe5 dxe5 14. Be3 Qc6 15. Bd3 Rad8 16. Qc2 Bg4 17. h3 Bc8 18. Nf3 Nh5 19. Rfd1 b6 20. a4 Bb7 21. a5 Kh8 22. axb6 axb6 23. Qb3 Rd6 24. Ng5 e6 25. Bb5 Qc7 26. Rxd6 Qxd6 27. Rd1 Qc7 28. Be2 Nf4 29. Bf1 h6 30. Bxb6 Qc6 31. Nf3 Qxe4 32. Re1 Nxh3+ 33. Kh2 Qg4 34. Qb4 Bxf3 0-1

[Event "*** Titled Tuesday Blitz"]
[Site "Chess.com"]
[Date "2021.02.16"]
[Round "7"]
[White "vladimirdamjanovic"]
[Black "Vincent_Vega95"]
[Result "0-1"]
[WhiteElo "2534"]
[BlackElo "2699"]
[TimeControl "180+1"]
[EndTime "11:18:43 PST"]
[Termination "Vincent_Vega95 won by checkmate"]

1. d4 Nf6 2. Nc3 d5 3. Bf4 a6 4. e3 e6 5. g4 Bb4 6. g5 Ne4 7. Ne2 Nxg5 8. Bg2 Ne4 9. Bxe4 dxe4 10. Rg1 g6 11. a3 Be7 12. Nxe4 b6 13. N2c3 Bb7 14.
Qd3 b5 15. O-O-O Nd7 16. h4 h6 17. Bg3 Nb6 18. Be5 Rg8 19. h5 g5 20. Nc5 Bf3 21.
Qh7 Rf8 22. Rde1 Nd5 23. N3e4 b4 24. a4 b3 25. Nxb3 Rb8 26. Nec5 Rb4 27. Qxh6 Rc4 28.
Qh7 Qb8 29. Kb1 Nb4 30. c3 Nd5 31. Qc2 Bxc5 32. Nxc5 Rxc3 33. Qg6 fxg6 34. hxg6 Rxc5 35. dxc5 Be4+ 36. Kc1 Qb3 37. Rxg5 Qc2# 0-1

[Event "*** Titled Tuesday Blitz"]
[Site "Chess.com"]
[Date "2021.02.16"]
[Round "7"]
[White "ketster"]
[Black "akanga001"]
[Result "1-0"]
[WhiteElo "2434"]
[BlackElo "1987"]
[TimeControl "180+1"]
[EndTime "11:18:44 PST"]
[Termination "ketster won by checkmate"]

1. d4 Nf6 2. c4 b6 3. Nc3 Bb7 4. d5 g6 5. e4 d6 6. Bd3 Bg7 7.
Nf3 O-O 8. O-O c6 9. Bg5 cxd5 10. exd5 h6 11. Bf4 Nbd7 12. Qd2 Kh7 13. Rfe1 Nc5 14.
Bc2 Bc8 15. b4 Ncd7 16. Rac1 Re8 17. Nd4 Bb7 18. Ba4 Qc7 19. Nc6 Nh5 20. Nxe7 Nxf4 21. Qxf4 Nf6 22. Bxe8 Rxe8 23. Nc6 Bxc6 24. dxc6 Qxc6 25.
Rxe8 Qxe8 26. h3 Qe6 27. Nb5 d5 28. c5 bxc5 29. bxc5 Qc6 30. Nxa7 Qa6 31. c6 Nh5 32. Qxf7 Qa3 33. Re1 Nf4 34. Qxf4 Qxa7 35. c7 Qb7 36.
Re8 Qb1+ 37. Kh2 d4 38. c8=Q d3 39. Qfc7 d2 40. Rh8# 1-0

[Event "*** Titled Tuesday Blitz"]
[Site "Chess.com"]
[Date "2021.02.16"]
[Round "7"]
[White "szachuspl"]
[Black "GregShahade"]
[Result "0-1"]
[WhiteElo "2476"]
[BlackElo "2663"]
[TimeControl "180+1"]
[EndTime "11:18:45 PST"]
[Termination "GregShahade won by resignation"]

1. d4 Nf6 2. c4 g6 3. Nc3 d5 4. Nf3 Bg7 5. h4 c6 6. Bf4 O-O 7. e3 Bg4 8. Qb3 Qb6 9. c5 Qxb3 10.
axb3 Nbd7 11. Ne5 Nxe5 12. Bxe5 Nd7 13. Bxg7 Kxg7 14. b4 a6 15. f3 Be6 16. Kd2 f6 17. Bd3 Bf7 18. h5 e5 19. Rh2 Rae8 20. Rah1 g5 21.
Bf5 Be6 22. h6+ Kg8 23. g4 Re7 24. Ra1 Rfe8 25. Bd3 Nf8 26. Bf5 Ng6 27. Bxg6 hxg6 28. b5 axb5 29. Ra7 Kh7 30. Rh1 Bf7 31. dxe5 fxe5 32. b4 Be6 33. Rf1 Rf7 34. Ke2 Ref8 35. e4 d4 36. Nd1 Bc4+ 37. Ke1 Bxf1 38. Kxf1 Rxf3+ 39. Ke2 R8f7 40. Kd2 Kxh6 41. Nb2 Rf2+ 42. Kc1 Rf1+ 43. Kc2 R1f2+ 44. Kb1 R2f4 45. Nd3 Rxe4 46. Ra8 Kg7 47. Re8 Rxg4 48. Nxe5 Rg1+ 49. Kc2 Rf2+ 50.
Kd3 Rd1+ 51. Ke4 Re2+ 52. Kf3 Re3+ 53. Kf2 Rde1 54. Re7+ Kf6 0-1

[Event "*** Titled Tuesday Blitz"]
[Site "Chess.com"]
[Date "2021.02.16"]
[Round "7"]
[White "bsnsun"]
[Black "Kretov_Evgenij"]
[Result "0-1"]
[WhiteElo "2448"]
[BlackElo "2626"]
[TimeControl "180+1"]
[EndTime "11:18:45 PST"]
[Termination "Kretov_Evgenij won by resignation"]

1. d4 Nf6 2. c4 c5 3. d5 e5 4.
Nc3 d6 5. e4 Be7 6. g3 O-O 7. Bg2 Ne8 8. Nge2 Nd7 9. O-O g6 10.
f4 exf4 11. Nxf4 Ne5 12. b3 Bf6 13. Bb2 Qe7 14. h3 Bd7 15. Qd2 Nc7 16. Rae1 b5 17. cxb5 Nxb5 18. Nce2 a5 19. Nd3 a4 20. Nxe5 Bxe5 21.
Bxe5 Qxe5 22. Nf4 axb3 23. axb3 Qd4+ 24. Rf2 Rfe8 25. Qc2 Ra1 26. Rxa1 Qxa1+ 27. Rf1 Qd4+ 28. Kh2 Qc3 29. Qf2 Re7 30. Ne2 Qe5 31. Nc1 Qd4 32. Qf3 Nc3 33. e5 Qxe5 34. Nd3 Qe3 35. Qf6 Bf5 36. Rf3 Qe2 37. Qxc3 Be4 38. Rf2 Qxd3 39. Qxd3 Bxd3 40. Ra2 Rb7 41. Ra8+ Kg7 42. Rd8 Rb6 43. Rxd6 Rxd6 0-1

[Event "*** Titled Tuesday Blitz"]
[Site "Chess.com"]
[Date "2021.02.16"]
[Round "7"]
[White "JQuiroga18"]
[Black "dozer80"]
[Result "1-0"]
[WhiteElo "2435"]
[BlackElo "2591"]
[TimeControl "180+1"]
[EndTime "11:18:45 PST"]
[Termination "JQuiroga18 won by resignation"]

1. e4 c5 2. Nf3 d6 3. d4 cxd4 4. Nxd4 Nf6 5. Nc3 Nc6 6. Bg5 e6 7. Be2 a6 8. O-O Be7 9. Qd2 O-O 10. Rad1 Bd7 11. f4 h6 12. Bh4 Nxe4 13. Nxe4 Bxh4 14. Nxd6 Qb6 15. Nc4 Qxd4+ 16. Qxd4 Nxd4 17. Rxd4 Bb5 18. Bd3 Bf6 19. Ne5 Rfd8 20. Rxd8+ Rxd8 21. Bxb5 axb5 22. Nd3 b4 23. g3 Ra8 24. Nxb4 Bxb2 25. Rb1 Bc3 26. Rb3 Bd4+ 27. Kg2 Rc8 28. Kf3 g5 29.
Ke4 Bg1 30. h3 Kg7 31. c3 Bh2 32. Kf3 gxf4 33. gxf4 Bg1 34. Nd3 Rc7 35. Ne5 Bc5 36. Nd3 Bd6 37. Ke4 Kg6 38. Kd4 Kh5 39.
Rb5+ Kh4 40. c4 f5 41. c5 Bf8 42. Ke5 Rd7 43. Nb4 Re7 44. c6 bxc6 45. Nxc6 Re8 46. Rb3 Bg7+ 47. Kd6 e5 48. fxe5 f4 49. e6 Kg5 50.
Kd7 Ra8 51. e7 1-0

[Event "*** Titled Tuesday Blitz"]
[Site "Chess.com"]
[Date "2021.02.16"]
[Round "7"]
[White "MartinMatthiesen"]
[Black "EdmundPlayer"]
[Result "1-0"]
[WhiteElo "2370"]
[BlackElo "2186"]
[TimeControl "180+1"]
[EndTime "11:18:46 PST"]
[Termination "MartinMatthiesen won on time"]

1. d4 d5 2. c4 dxc4 3. e3 e5 4.
Bxc4 exd4 5. exd4 Bd6 6. Nf3 Nf6 7. Qe2+ Be7 8. O-O O-O 9. Nc3 Bg4 10. Rd1 Nc6 11.
Be3 a6 12. a3 Bd6 13. h3 Bh5 14. g4 Bg6 15. Nh4 Re8 16. Nxg6 hxg6 17. Qf3 Qd7 18. Kg2 b5 19. Ba2 Ne7 20. g5 Nh5 21. Bxf7+ Kh7 22.
Qg4 Nf5 23. Bxe8 Rxe8 24. Re1 Qc6+ 25. d5 Qd7 26. Bd2 Rf8 27. Re6 Qf7 28. Rf1 Bc5 29. Ne4 Bb6 30. Re1 Nd4 31. Bc3 Nxe6 32. dxe6 Nf4+ 33.
Kh1 Nxe6 34. Nf6+ gxf6 35. Rxe6 f5 36. Qe2 Kg8 37. Re7 1-0

[Event "*** Titled Tuesday Blitz"]
[Site "Chess.com"]
[Date "2021.02.16"]
[Round "7"]
[White "Tashik"]
[Black "Vuk2000"]
[Result "0-1"]
[WhiteElo "2436"]
[BlackElo "2672"]
[TimeControl "180+1"]
[EndTime "11:18:47 PST"]
[Termination "Vuk2000 won on time"]

1. c4 e5 2. Nc3 Nc6 3. Nf3 d6 4. d4 exd4 5. Nxd4 g6 6. Nxc6 bxc6 7. g3 Bg7 8. Bg2 Ne7 9. O-O Rb8 10. Qd2 O-O 11. b3 d5 12. Rd1 Be6 13. Ba3 Re8 14. Rac1 Nf5 15. cxd5 cxd5 16. Nxd5 Nd4 17. Nxc7 Bxb3 18.
Re1 Rf8 19. Qf4 Bxa2 20. Bxf8 Qxf8 21. e3 Nf5 22. Qa4 Bb3 23. Qxa7 h5 24. Nd5 h4 25. Nb6 Rd8 26. Qc7 hxg3 27. hxg3 Be6 28. Qb7 Rb8 29. Qc6 Qd8 30. Nd5 Be5 31. Nf4 Bb3 32.
Qa6 Kg7 33. Rb1 Qd2 34. Qa7 Rb5 35. Re2 Qc3 0-1

[Event "*** Titled Tuesday Blitz"]
[Site "Chess.com"]
[Date "2021.02.16"]
[Round "7"]
[White "barriochess"]
[Black "DJojua"]
[Result "0-1"]
[WhiteElo "2444"]
[BlackElo "2737"]
[TimeControl "180+1"]
[EndTime "11:18:48 PST"]
[Termination "DJojua won by resignation"]

1. d4 Nf6 2. c4 g6 3. Nc3 Bg7 4. e4 d6 5. f4 O-O 6. Nf3 c5 7. d5 e6 8. Be2 exd5 9. cxd5 Bg4 10. h3 Bxf3 11. Bxf3 Nbd7 12. O-O a6 13. g4 b5 14.
Qc2 Re8 15. Ne2 Nb6 16. Ng3 c4 17. Bd2 Rc8 18. Rae1 Nfd7 19. Bc3 Nc5 20. Bxg7 Kxg7 21. g5 Nd3 22. Qc3+ Kg8 23. Bg4 Rc7 24. Re2 Rce7 25. h4 Na4 26. Qf6 Rc7 27. Qd4 Rce7 28. b3 Qb6 29.
Qxb6 Nxb6 30. bxc4 bxc4 31. h5 Na4 32. Rc2 c3 33. hxg6 hxg6 34. Rh2 Rxe4 35. Nxe4 Rxe4 36. Re2 Rc4 37. Re8+ Kg7 38. f5 Rxg4+ 39. Kh2 gxf5 40.
Rxf5 Rf4 41. Rxf4 Nxf4 42. Rc8 Nc5 0-1

[Event "*** Titled Tuesday Blitz"]
[Site "Chess.com"]
[Date "2021.02.16"]
[Round "7"]
[White "AldokhinIvan"]
[Black "Sanyura"]
[Result "1-0"]
[WhiteElo "2459"]
[BlackElo "2705"]
[TimeControl "180+1"]
[EndTime "11:18:48 PST"]
[Termination "AldokhinIvan won on time"]

1. e4 c6 2. Nc3 d5 3. d4 dxe4 4. Nxe4 Nf6 5. Nxf6+ exf6 6. c3 Bd6 7. Bd3 O-O 8. Ne2 Re8 9. Qc2 h5 10. O-O h4 11. h3 Nd7 12. Bd2 Nf8 13. Rae1 Be6 14. Nf4 Qd7 15. Nxe6 Nxe6 16. Bh7+ Kh8 17. Bf5 g6 18.
Re4 Kg8 19. Rxh4 Bf8 20. Bxe6 Qxe6 21. b3 f5 22. Rf4 Bd6 23. Rf3 Qe2 24. Qd3 Re6 25.
Re3 Rxe3 26. Qxe3 Qa6 27. a4 Qb6 28. c4 Qc7 29. Bc3 Bf4 30. Qe2 Bh2+ 31. Kh1 Bd6 32. Re1 Bf8 33. Qd3 Bg7 34. Bb4 Rd8 35. d5 cxd5 36.
cxd5 Qb6 37. Qd2 Rd7 38. Re8+ Kh7 39. Qf4 1-0

[Event "*** Titled Tuesday Blitz"]
[Site "Chess.com"]
[Date "2021.02.16"]
[Round "7"]
[White "frankshar"]
[Black "awesomevishesh"]
[Result "1-0"]
[WhiteElo "2404"]
[BlackElo "2504"]
[TimeControl "180+1"]
[EndTime "11:18:49 PST"]
[Termination "frankshar won on time"]

1. d4 Nf6 2. c4 g6 3. Nc3 Bg7 4. e4 d6 5. Be2 O-O 6. Nf3 Nbd7 7.
O-O e5 8. dxe5 dxe5 9. Qc2 c6 10. b4 a5 11. b5 Qc7 12. Rd1 Re8 13. Ba3 Bf8 14.
Qc1 Nc5 15. Qe3 Ng4 16. Qc1 Ne6 17. h3 Bxa3 18. Qxa3 Nf6 19. c5 Nf4 20. Bc4 Be6 21. Bxe6 Nxe6 22. b6 Qe7 23. Rd6 Nd7 24. Rad1 Ndxc5 25.
Nxe5 Rad8 26. Nc4 Rxd6 27. Nxd6 Rd8 28. e5 f6 29. Qxa5 fxe5 30. Nc4 Rxd1+ 31. Nxd1 e4 32. Nde3 Kg7 33. Qc3+ Qf6 34. Ne5 Na4 35. Qa1 Nxb6 36. N3g4 Qe7 37. Nxc6+ 1-0

[Event "*** Titled Tuesday Blitz"]
[Site "Chess.com"]
[Date "2021.02.16"]
[Round "7"]
[White "CM_rui"]
[Black "paulrusan"]
[Result "0-1"]
[WhiteElo "2402"]
[BlackElo "2271"]
[TimeControl "180+1"]
[EndTime "11:18:49 PST"]
[Termination "paulrusan won by checkmate"]

1. e4 c5 2. Nf3 Nc6 3. c4 g6 4. d4 cxd4 5. Nxd4 Bg7 6. Be3 Nf6 7. Nc3 O-O 8. Be2 Nxd4 9. Bxd4 d6 10. O-O Bd7 11. Rc1 Bc6 12. f3 Nd7 13. Bxg7 Kxg7 14. Qd4+ f6 15. Kh1 Qb6 16. Qd2 a5 17. f4 a4 18. h4 Nc5 19. Bf3 Qb4 20. Qe2 e5 21.
Rcd1 a3 22. Rf2 axb2 23. Qxb2 Qxc4 24. Rxd6 Rfd8 25. fxe5 fxe5 26. Nd5 Qd4 27. Rxd8 Rxd8 28. Rd2 Qxb2 29. Rxb2 Bxd5 30. exd5 e4 31. Bg4 Rxd5 32.
Bc8 e3 33. Bxb7 Rd2 34. Rxd2 exd2 35. Bf3 Na4 36. Kg1 Nc3 37. a4 Nxa4 38. Kf2 Nc3 39. g4 h6 40. Ke3 d1=Q 41. Bxd1 Nxd1+ 42. Kf4 Nc3 43. Kg3 g5 44. hxg5 hxg5 45. Kf3 Kf6 46.
Ke3 Ke5 47. Kf3 Ne4 48. Ke3 Nf6 49. Kf3 Kd4 50. Kg3 Ke4 51. Kh3 Kf4 52. Kg2 Kxg4 53.
Kf2 Kh3 54. Kf3 g4+ 55. Kf4 g3 56. Kf5 g2 57. Ke5 g1=Q 58. Ke6 Ng4 59. Kf7 Qb6 60. Ke8 Qc7 61. Kf8 Kh4 62. Kg8 Nf6+ 63. Kf8 Nd5 64.
Ke8 Qe7# 0-1

[Event "*** Titled Tuesday Blitz"]
[Site "Chess.com"]
[Date "2021.02.16"]
[Round "7"]
[White "Ajedrez_con_German"]
[Black "Fortitudine"]
[Result "1-0"]
[WhiteElo "2587"]
[BlackElo "2327"]
[TimeControl "180+1"]
[EndTime "11:18:50 PST"]
[Termination "Ajedrez_con_German won on time"]

1. d4 Nf6 2. Bf4 g6 3. Nc3 Bg7 4. e4 O-O 5. Qd2 b6 6. O-O-O Ba6 7. f3 Bxf1 8. Rxf1 d6 9. h4 h5 10. Nh3 Nc6 11. d5 Ne5 12. Qe2 Qd7 13. Bxe5 dxe5 14. Nf2 Rac8 15. g4 c6 16. Rd1 Rfd8 17. Kb1 Qe8 18. Rhg1 Kh7 19. Nh3 e6 20. dxe6 fxe6 21. Qe3 c5 22. Ng5+ Kg8 23. gxh5 Nxh5 24. Ne2 Bh6 25. a3 Kh8 26. Qc3 Rd4 27. Nxd4 cxd4 28. Qb3 Nf4 29. Rh1 Qe7 30. Nh3 Kg7 31. Nxf4 Bxf4 32.
h5 g5 33. h6+ Kh7 34. Qd3 Qc5 35. Rdg1 b5 36. Rh5 Rg8 37. Rg4 Rg6 38. Rh1 a5 39.
Rhg1 Rxh6 40. Rxg5 Bxg5 41. Rxg5 Rh1+ 42. Ka2 Kh6 43. f4 1-0

[Event "*** Titled Tuesday Blitz"]
[Site "Chess.com"]
[Date "2021.02.16"]
[Round "7"]
[White "kingofthenil"]
[Black "ram1zan"]
[Result "1-0"]
[WhiteElo "2694"]
[BlackElo "2853"]
[TimeControl "180+1"]
[EndTime "11:18:51 PST"]
[Termination "kingofthenil won by resignation"]

1. e4 Nf6 2. Nc3 d5 3. e5 Nfd7 4. e6 fxe6 5. d4 c5 6. dxc5 Nc6 7. Bb5 Nxc5 8. Nf3 Bd7 9. O-O Qc7 10. Re1 O-O-O 11.
Ng5 d4 12. Nce4 Nxe4 13. Rxe4 e5 14. Nf7 Rg8 15. Nxd8 Kxd8 16. Qh5 h6 17. Qf7 Rh8 18. Bd2 Qd6 19. Rae1 Qf6 20. Qb3 Qg6 21. f3 e6 22.
Bxc6 Bxc6 23. Rxe5 d3 24. Rxe6 Bc5+ 25. Be3 Qf5 26.
Bxc5 Qxc5+ 27. Kh1 dxc2 28. Rc1 Kc7 29. Qxc2 Qd4 30. Rxc6+ bxc6 31. Qxc6+ Kb8 32. Qc7+ Ka8 33. Qc6+ Kb8 34. h3 Rd8 35. Qc7+ Ka8 36. Qc6+ Kb8 37. Rc3 Qd1+ 38. Kh2 Qd6+ 39. Qxd6+ Rxd6 40. Rc4 Rd2 41. Rb4+ Kc7 42. a4 Kc6 43. b3 Rb2 44. Kg3 g5 45. h4 Rc2 46. hxg5 hxg5 47. Rb5 Rb2 48. Rxg5 Rxb3 49. Ra5 Kb6 50. Rf5 Rb4 51. Rf4 Rb2 52.
Kh3 Ra2 53. g4 Kc5 54. g5 Kd6 55. g6 Ke5 56. g7 Kxf4 57. g8=Q Rf2 58. Qg3+ Ke3 59.
Qxf2+ Kxf2 60. f4 1-0

[Event "*** Titled Tuesday Blitz"]
[Site "Chess.com"]
[Date "2021.02.16"]
[Round "7"]
[White "Gabrielian_Artur"]
[Black "MPGM"]
[Result "1-0"]
[WhiteElo "2806"]
[BlackElo "2607"]
[TimeControl "180+1"]
[EndTime "11:18:51 PST"]
[Termination "Gabrielian_Artur won by resignation"]

1. c4 e6 2. Nf3 d5 3. e3 Nf6 4. Nc3 c5 5. cxd5 exd5 6. Bb5+ Bd7 7. Bxd7+ Nbxd7 8. d4 c4 9. O-O Bb4 10. Bd2 Bxc3 11.
Bxc3 O-O 12. Nd2 Re8 13. Re1 b5 14. f3 a5 15. a3 Qb6 16. b4 a4 17. Kh1 Nf8 18.
Qc2 Ne6 19. Rad1 Rad8 20. Nf1 Qc6 21. Ng3 g6 22. e4 Nf4 23. e5 Nd7 24. Qd2 Nd3 25.
Qh6 Nf2+ 26. Kg1 Nxd1 27. Nh5 gxh5 28. Qxc6 Nxc3 29. Qh6 Nxe5 30. Rxe5 Rxe5 31. dxe5 Rd7 32. Qg5+ Kf8 33. e6 fxe6 34. Qf6+ Ke8 35. Qxe6+ Kd8 36. Qf6+ Kc8 37. Qxc3 d4 38. Qd2 d3 39.
Kf2 Kb7 40. Ke1 Re7+ 41. Kd1 Re2 42. Qg5 Kb6 43. Qc5+ 1-0

[Event "*** Titled Tuesday Blitz"]
[Site "Chess.com"]
[Date "2021.02.16"]
[Round "7"]
[White "IMAghasiyevKamal"]
[Black "RobertoJBM"]
[Result "1-0"]
[WhiteElo "2541"]
[BlackElo "2696"]
[TimeControl "180+1"]
[EndTime "11:18:51 PST"]
[Termination "IMAghasiyevKamal won on time"]

1. d4 d5 2. c4 c6 3. Nc3 dxc4 4. e4 b5 5. a4 b4 6. Na2 e6 7. Bxc4 Nf6 8. f3 Nbd7 9. Ne2 a5 10. Be3 Be7 11. Nac1 O-O 12. Nb3 Qb6 13. Rc1 Rd8 14.
Qc2 Bb7 15. O-O Ne5 16. Nc5 Bxc5 17. dxc5 Qc7 18. Bf4 Nh5 19. Bg5 Rd7 20. Rfd1 h6 21. Be3 Rad8 22. Rxd7 Qxd7 23. Nd4 g5 24. Bf1 Ng6 25. Nb3 Qc7 26. g3 Nf6 27. Bd4 Ne8 28. Rd1 Bc8 29. Rd2 e5 30. Be3 Be6 31. Bc4 Bxc4 32.
Qxc4 Ng7 33. Qa6 Rxd2 34. Bxd2 Qd7 35. Qxa5 Qd3 36. Qxb4 Ne6 37. a5 g4 38. Qc3 Qe2 39.
Qe3 Qd1+ 40. Kf2 gxf3 41. a6 1-0

[Event "*** Titled Tuesday Blitz"]
[Site "Chess.com"]
[Date "2021.02.16"]
[Round "7"]
[White "Khnykin_Nikolay"]
[Black "MerryPoppies"]
[Result "0-1"]
[WhiteElo "2061"]
[BlackElo "2169"]
[TimeControl "180+1"]
[EndTime "11:18:52 PST"]
[Termination "MerryPoppies won on time"]

1. e4 e5 2. Nf3 Nc6 3. Bc4 Nf6 4. O-O Be7 5. Nc3 O-O 6. d3 a6 7.
Bg5 h6 8. Bxf6 Bxf6 9. Qd2 b5 10.
Bb3 Ne7 11. Nd5 Nxd5 12. Bxd5 c6 13. Bb3 d5 14. exd5 cxd5 15. Rfe1 Re8 16. d4 e4 17. Ne5 Bxe5 18. dxe5 Rxe5 19. Qd4 Qd6 20. f4 Rh5 21. Rxe4 Be6 22. Re3 Rc8 23. Rg3 g6 24. Re1 Rf5 25. Rf3 Qc5 26. Qxc5 Rxc5 27. g4 Rf6 28. h3 a5 29. c3 a4 30. Bc2 d4 31. Bb1 dxc3 32.
bxc3 Bd5 33. Re8+ Kg7 34. Rfe3 Rxf4 35. Rb8 Bc4 36. Kg2 Rf6 37. Ree8 Rd6 38. h4 Rd2+ 39. Kf3 Bxa2 0-1

[Event "*** Titled Tuesday Blitz"]
[Site "Chess.com"]
[Date "2021.02.16"]
[Round "7"]
[White "hansen"]
[Black "Violord"]
[Result "1-0"]
[WhiteElo "2925"]
[BlackElo "2709"]
[TimeControl "180+1"]
[EndTime "11:18:53 PST"]
[Termination "hansen won on time"]

1. e4 c6 2. Nf3 d5 3. d3 h6 4. Be2 Nf6 5. Nbd2 Bg4 6. O-O e6 7. h3 Bxf3 8. Bxf3 Bd6 9. Re1 Nbd7 10. d4 dxe4 11. Nxe4 Nxe4 12. Bxe4 O-O 13. c3 Qf6 14. g3 Rfe8 15. Bc2 Rad8 16. Qg4 e5 17. Be3 exd4 18. cxd4 Nb6 19. Rad1 Nd5 20. Bc1 Bc7 21.
a3 Ba5 22. Re4 Kf8 23. Bb3 Rxe4 24. Qxe4 Re8 25. Qh7 Qg6 26. Qxg6 fxg6 27. Kf1 Ke7 28. h4 Kd6 29. Bc2 Re6 30. g4 b5 31. g5 hxg5 32.
hxg5 Bb6 33. Kg2 a5 34. Kf3 a4 35. Be3 Ne7 36. Bf4+ Kd7 37. Be5 Nd5 38. Rh1 c5 39. Rh7 cxd4 40. Rxg7+ Kc6 41. Rxg6 Rxg6 42. Bxg6 Bd8 43.
Be8+ Kc5 44. g6 d3 45. g7 Ne7 46. Bf7 d2 47. Ke2 Ba5 48. Bf6 1-0

[Event "*** Titled Tuesday Blitz"]
[Site "Chess.com"]
[Date "2021.02.16"]
[Round "7"]
[White "rozabaku"]
[Black "queen_iryna"]
[Result "1-0"]
[WhiteElo "2236"]
[BlackElo "2363"]
[TimeControl "180+1"]
[EndTime "11:18:53 PST"]
[Termination "rozabaku won on time"]

1. d4 d6 2. c4 e5 3. d5 Be7 4.
Nc3 f5 5. e3 Nf6 6. Nf3 O-O 7. Be2 c6 8. O-O a5 9. a3 Na6 10. Rb1 Nc7 11. b4 cxd5 12. cxd5 axb4 13. Rxb4 Na6 14. Rb1 Nc5 15. Rb4 Qe8 16. Nb5 Qg6 17. Bb2 Nfe4 18. Kh1 Qh6 19. Nd2 Bh4 20. Nxe4 Nxe4 21.
Kg1 Qg6 22. f3 Nf6 23. Rxh4 f4 24. exf4 Nh5 25. fxe5 Nf4 26. g3 dxe5 27. Bxe5 Nh5 28. Kh1 Bd7 29. Nc7 Rxa3 30. f4 Nxg3+ 31. hxg3 Qxg3 32.
Rh2 Bh3 33. Rg1 Qe3 34. Rxg7+ Kh8 35. Rg5+ Qxe5 36. Rxe5 Bf5 37. Rh5 Ra5 38. Rexf5 Rg8 39. Rfg5 Raa8 40. Qd4+ 1-0